 Dungeon Crawl Stone Soup version 0.21-a0-135-g8dc100c (webtiles) character file.

26 Enroth the Cudgeler (level 2, 0/29 HPs)
             Began as a Troll Monk on July 17, 2017.
             Slain by a goblin
             ... wielding a +0 club
             ... led by Robin
              (3 damage)
             ... on level 2 of the Dungeon.
             The game lasted 00:02:19 (548 turns).

Enroth the Cudgeler (Troll Monk)                     Turns: 548, Time: 00:02:19

Health: 0/29       AC:  2    Str: 18    XL:     2   Next: 89%
Magic:  1/1        EV: 10    Int:  6    God:
Gold:   57         SH:  0    Dex: 12    Spells: 1/1 levels left

rFire    . . .     SeeInvis .   a - +0 mace
rCold    . . .     Gourm    +   (no shield)
rNeg     . . .     Faith    .   b - +0 robe
rPois    .         Spirit   .   (helmet restricted)
rElec    .         Reflect  .   (no cloak)
rCorr    .         Harm     .   (gloves unavailable)
MR       .....                  (boots unavailable)
Stlth    ++........             j - amulet of regeneration
HPRegen  0.89/turn              h - -3 ring of protection (curse)
MPRegen  0.07/turn              (no ring)

@: lethally poisoned (0 -> 0)
A: unfitting armour, claws 3, fast metabolism 3, gourmand, regeneration 1,
shaggy fur 1, tough skin 2
a: no special abilities


You were on level 2 of the Dungeon.
You were very full.

You visited 1 branch of the dungeon, and saw 2 of its levels.

You collected 57 gold pieces.

Inventory:

Hand Weapons
 a - a +0 mace (weapon)
Armour
 b - a +0 robe (worn)
Jewellery
 h - a cursed -3 ring of protection (left claw)
 j - an amulet of regeneration (around neck)
Scrolls
 i - a scroll of teleportation {unknown}
Potions
 e - a potion of invisibility {unknown}
Comestibles
 c - 3 bread rations
 d - a royal jelly
 f - 4 fruits


   Skills:
 + Level 2.7 Fighting
 + Level 3.1 Maces & Flails
 + Level 2.8 Dodging
 - Level 1.0 Stealth


You had one spell level left.
You didn't know any spells.

Dungeon Overview and Level Annotations

Branches:
Dungeon (2/15)

Altars:

Annotations:
D:2 Robin


Innate Abilities, Weirdness & Mutations

You are too large for most types of armour.
You have claws for hands.
Your metabolism is lightning-fast.
You like to eat raw meat.
Your natural rate of healing is unusually fast.
You are covered in fur. (AC +1)
You have very tough skin. (AC +2)


Message History

The goblin is moderately wounded.
The goblin hits you with a club. Robin throws the goblin at you!
The goblin barely misses you. The goblin hits you with a dagger.
Robin throws the goblin at you! The goblin hits you.
* * * LOW HITPOINT WARNING * * *
The goblin hits you with a dagger.
* * * LOW HITPOINT WARNING * * *
The goblin barely misses you.
You barely miss the goblin. The goblin completely misses you.
Robin points. "Kill!"
Robin throws the goblin at you!
* * * LOW HITPOINT WARNING * * *
The goblin hits you but does no damage. The adder bites you.
* * * LOW HITPOINT WARNING * * *
You are poisoned.
The adder poisons you! The goblin barely misses you. x2
It was a potion of cancellation.
You feel magically purged.
You feel sick. The adder closely misses you.
The goblin hits you but does no damage. The goblin hits you with a club.
You die...

###### #######
##.....##.....##
##..............## ##########
#................# #........#
#................# #........#
#..........<.....# #........#
#...>............#
#........###.gg.............#
#...[....##gS@g..)..........#
#........sg.#gg..).........##
#....(...g..gg.....##.....##
.$........g###..#######..####
...#.........##..# #.<.# ..
#.......#..#..##.......# ?
....#.g####....#..###..##
..#.....# ##.....# #.##
.##.....# #....## ..


You could see Robin, an adder, a giant cockroach, 2 hobgoblins and 8 goblins.

Vanquished Creatures
  A dart slug (D:1)
  A leopard gecko (D:1)
  2 bats (D:1)
  A giant cockroach (D:1)
  3 goblins
  5 hobgoblins
  2 frilled lizards
  A kobold (D:1)
  6 rats
22 creatures vanquished.

Notes
Turn   | Place    | Note
-------+----------+-------------------------------------------
     0 | D:1      | Enroth the Troll Monk began the quest for the Orb.
     0 | D:1      | Reached XP level 1. HP: 22/22 MP: 0/0
   131 | D:1      | Reached XP level 2. HP: 29/29 MP: 1/1
   216 | D:1      | Reached skill level 3 in Maces & Flails
   507 | D:2      | Noticed Robin
   548 | D:2      | Slain by a goblin

Vault maps used:
D:1:      dpeg_arrival_line_fractal, hex_tiny
D:2:      lemuel_crystal_altar, first_bread, uniq_robin

Skill      XL: |  1  2 |
---------------+-------+-----
Maces & Flails | 3 |  3.1
Fighting       | |  2.7
Dodging        | |  2.8
Stealth        | |  1.0

Action                   || total
-------------------------++-------
Melee: Mace              ||    77
  Use: Potion            ||     1
 Stab: Sleeping          ||     1
  Eat: Chunk             ||     9
Armor: Robe              ||    35
Dodge: Dodged            ||    56
